 Dungeon Crawl Stone Soup version 0.26-b1-32-g5d43845318 (webtiles) character file.

Game seed: 9113228604606091062

393374 Arum the Slayer (level 24, -4/212 HPs)
             Began as a Formicid Fighter on Jan 12, 2021.
             Was an Initiate of Gozag.
             Slain by a spark wasp (6 damage)
             ... on level 1 of the Depths.
             The game lasted 02:16:44 (57630 turns).

Arum the Slayer (Formicid Fighter)                 Turns: 57630, Time: 02:16:45

Health: -4/212     AC: 33    Str: 22    XL:     24   Next: 24%
Magic:  23/23      EV: 15    Int: 14    God:    Gozag
Gold:   10676      SH: 22    Dex: 15    Spells: 23/23 levels left

rFire    + + +     SeeInvis +   h - +6 lajatang (elec)
rCold    + + +     Faith    .   L - +2 shield of Resistance {rF++ rC++ Will++}
rNeg     + . .     Spirit   .   S - +9 chain mail "Pirasas" {rElec Will+ rCorr}
rPois    .         Reflect  +   (helmet unavailable)
rElec    +         Harm     .   g - scarf {rC+ rF+}
rCorr    +         Rampage  .   c - +0 pair of gloves
Will     +++++                  l - +0 pair of boots of the Albatross {rF+ rN+ SInv}
Stlth    ..........             W - amulet of reflection
HPRegen  0.45/turn              O - ring of the Tortoise {AC+8}
MPRegen  0.18/turn              Q - +4 ring of slaying

@: mighty, brilliant, gold aura
A: permanent stasis, dig shafts and tunnels, four strong arms, antennae 3
}: 2/15 runes: serpentine, barnacled
a: Dig, Shaft Self, Renounce Religion, Potion Petition, Call Merchant, Bribe
Branch


You were on level 1 of the Depths.
You worshipped Gozag.
Gozag was extremely pleased with you.
You visited 8 branches of the dungeon, and saw 39 of its levels.
You also visited: Sewer, Gauntlet, Ice Cave and Volcano.

You collected 22528 gold pieces.
You spent 6352 gold pieces at shops.
You paid 5500 gold pieces to Gozag.

Inventory:

Hand Weapons
 h - a +6 lajatang of electrocution (weapon)
 D - the +2 quarterstaff "Ubitayg" {venom, Will+ Str+3 Int+4}
   (You bought it in a shop on level 2 of the Orcish Mines)

   It poisons the flesh of those it strikes.
   It affects your strength (+3).
   It affects your intelligence (+4).
   It affects your willpower, your defense against some magical effects.
Missiles
 t - 70 javelins
 u - 34 silver javelins
 G - 6 throwing nets
Armour
 c - a +0 pair of gloves (worn)
 g - a scarf of resistance (worn)
 j - the +9 crystal plate armour of Fodoin {Str+4 Int+4}
   (You bought it in a shop on level 4 of the Vaults)

   It affects your strength (+4).
   It affects your intelligence (+4).
 l - the +0 pair of boots of the Albatross (worn) {rF+ rN+ SInv}
   (You bought it in a shop on level 10 of the Dungeon)

   It protects you from fire.
   It protects you from negative energy.
   It lets you see invisible.
 L - the +2 shield of Resistance (worn) {rF++ rC++ Will++}
   (You found it on level 3 of the Elven Halls)

   It greatly protects you from fire.
   It greatly protects you from cold.
   It affects your willpower, your defense against some magical effects.
 S - the +9 chain mail "Pirasas" (worn) {rElec Will+ rCorr}
   (You bought it in a shop on level 15 of the Dungeon)

   It insulates you from electricity.
   It affects your willpower, your defense against some magical effects.
   It provides partial protection from all sources of acid and corrosion.
Jewellery
 d - an uncursed ring of willpower
 n - an uncursed ring of poison resistance
 w - an uncursed ring of positive energy
 F - an uncursed ring of resist corrosion
 J - the amulet of the Raven {Faith +Inv rF+ rN++ Dex-3}
   (You took it off a deep elf knight on level 3 of the Elven Halls)

   [amulet of faith]

   It allows you to gain divine favour quickly.
   It affects your dexterity (-3).
   It protects you from fire.
   It greatly protects you from negative energy.
   It lets you turn invisible.
 O - the ring of the Tortoise (left hand) {AC+8}
   (You found it in an ice cave)

   [ring of protection]

   It affects your AC (+8).
 Q - a +4 ring of slaying (right hand)
 R - the ring of Xaynket {rF+ rC++ MP+9 Dex-2 Stlth+}
   (You bought it in a shop on level 15 of the Dungeon)

   [ring of protection from fire]

   It affects your dexterity (-2).
   It protects you from fire.
   It greatly protects you from cold.
   It affects your magic capacity (+9).
   It makes you more stealthy.
 V - the ring of Zareis Qio {+Fly EV+4 Str+5}
   (You found it on level 4 of the Shoals)

   [ring of evasion]

   It affects your evasion (+4).
   It affects your strength (+5).
   It lets you fly.
 W - an amulet of reflection (around neck)
Wands
 a - a wand of paralysis (16)
 b - a wand of digging (5)
 i - a wand of iceblast (19)
 x - a wand of random effects (45)
 K - a wand of acid (21)
 X - a wand of disintegration (30)
Scrolls
 e - 2 scrolls of fog
 f - 23 scrolls of remove curse
 k - 8 scrolls of immolation
 m - 8 scrolls of fear
 p - 6 scrolls of enchant armour
 B - 16 scrolls of identify
 H - 5 scrolls of silence
 P - 7 scrolls of magic mapping
Potions
 q - 11 potions of flight
 r - 4 potions of magic
 s - 7 potions of might
 v - 8 potions of lignification
 y - 3 potions of mutation
 A - 5 potions of cancellation
 C - 5 potions of invisibility
 E - 8 potions of attraction
 I - 7 potions of curing
 N - 3 potions of resistance
 Y - 4 potions of ambrosia
Miscellaneous
 o - a phantom mirror
 z - a box of beasts
 M - a condenser vane (inert)
 T - a lightning rod (3/4)
 Z - a phial of floods


   Skills:
 + Level 22.3 Fighting
 + Level 19.8 Staves
 - Level 15.1 Armour
 - Level 11.0 Dodging
 + Level 16.7 Shields
 + Level 19.1 Evocations


You had 23 spell levels left.
You didn't know any spells.
Your spell library contained the following spells:

 Spells                   Type           Power        Failure   Level
 Animate Skeleton         Necr           0%           80%         1
 Apportation              Tloc           0%           80%         1
 Corona                   Hex            0%           80%         1
 Freeze                   Ice            0%           80%         1
 Pain                     Necr           0%           80%         1
 Sandblast                Erth           0%           80%         1
 Shock                    Conj/Air       0%           80%         1
 Sting                    Tmut/Pois      0%           80%         1
 Summon Small Mammal      Summ           0%           80%         1
 Call Imp                 Summ           0%           90%         2
 Corpse Rot               Necr/Air       N/A          90%         2
 Ensorcelled Hibernation  Hex/Ice        0%           90%         2
 Passwall                 Tmut/Erth      0%           90%         2
 Poisonous Vapours        Pois/Air       0%           90%         2
 Call Canine Familiar     Summ           0%           99%         3
 Confusing Touch          Hex            0%           99%         3
 Conjure Flame            Conj/Fire      0%           99%         3
 Dazzling Flash           Conj/Hex       0%           99%         3
 Frozen Ramparts          Ice            0%           99%         3
 Gell's Gravitas          Tloc           0%           99%         3
 Mephitic Cloud           Conj/Pois/Air  0%           99%         3
 Portal Projectile        Hex/Tloc       0%           99%         3
 Static Discharge         Conj/Air       0%           99%         3
 Summon Guardian Golem    Hex/Summ       0%           99%         3
 Teleport Other           Tloc           0%           99%         3
 Tukima's Dance           Hex            0%           99%         3
 Vampiric Draining        Necr           0%           99%         3
 Airstrike                Air            0%           100%        4
 Animate Dead             Necr           0%           100%        4
 Cause Fear               Hex            0%           100%        4
 Leda's Liquefaction      Hex/Erth       0%           100%        4
 Petrify                  Tmut/Erth      0%           100%        4
 Summon Ice Beast         Ice/Summ       0%           100%        4
 Summon Lightning Spire   Summ/Air       0%           100%        4
 Agony                    Necr           0%           100%        5
 Blade Hands              Tmut           0%           100%        5
 Bolt of Magma            Conj/Fire/Erth 0%           100%        5
 Borgnjor's Vile Clutch   Necr/Erth      0%           100%        5
 Iskenderun's Battlesphe  Conj           0%           100%        5
 Lee's Rapid Deconstruct  Erth           0%           100%        5
 Lightning Bolt           Conj/Air       0%           100%        5
 Metabolic Englaciation   Hex/Ice        0%           100%        5
 Silence                  Hex/Air        0%           100%        5
 Summon Demon             Summ           0%           100%        5
 Summon Forest            Summ/Tloc      0%           100%        5
 Summon Mana Viper        Hex/Summ       0%           100%        5
 Yara's Violent Unravell  Hex/Tmut       0%           100%        5
 Conjure Ball Lightning   Conj/Air       0%           100%        6
 Freezing Cloud           Conj/Ice/Air   0%           100%        6
 Iron Shot                Conj/Erth      0%           100%        6
 Shadow Creatures         Summ           N/A          100%        6
 Statue Form              Tmut/Erth      0%           100%        6
 Orb of Destruction       Conj           0%           100%        7
 Spellforged Servitor     Conj/Summ      0%           100%        7
 Summon Hydra             Summ           0%           100%        7
 Discord                  Hex            0%           100%        8
 Disjunction              Tloc           0%           100%        8
 Ignition                 Fire           0%           100%        8
 Shatter                  Erth           0%           100%        9
 Tornado                  Air            0%           100%        9
 Swiftness                Air            Unusable     N/A         2

Dungeon Overview and Level Annotations

Branches:
Dungeon (15/15)            Temple (0/1) D:7            Lair (6/6) D:10
 Shoals (4/4) Lair:3        Snake (4/4) Lair:2        Slime (0/5) Lair:6
    Orc (2/2) D:12            Elf (3/3) Orc:2        Vaults (4/5) D:13
  Crypt (0/3) Vaults:3     Depths (1/5) D:15          Sewer (visited)
  IceCv (visited)         Volcano (visited)         Gauntlet (visited)

Altars:
Cheibriados
Fedhas
Gozag
Hepliaklqana
Kikubaaqudgha
Makhleb
Vehumet
Wu Jian
Yredelemnul
The Shining One
Beogh
Jiyva

Shops:
D:10 [   D:11 :   D:12 [   D:13 *   D:14 [   D:15 *   Orc:2 }(!:   Elf:3 :
Shoals:3 =   Snake:1 =   Snake:3 (   Snake:4 (   Vaults:2 =   Vaults:4 [

Portals:
Abyss: Snake:3
Trove: D:11 (give +6 ice dragon scales)

Annotations:
D:7 3 runed translucent doors, Borgoz's ghost, novice GrBe
Snake:3 2 transporters, Sokuv's ghost, adept DECj


Innate Abilities, Weirdness & Mutations

You cannot be hasted, slowed, berserked, paralysed or teleported.
You can dig through walls and to a lower floor.
Your four strong arms can wield two-handed weapons with a shield.
You have a pair of large antennae on your head. (SInv)


Message History

Are you sure you want to shaft yourself?
The spark wasp is no longer distracted by gold.
The spark wasp is engulfed in freezing vapours.
You block the spark wasp's attack.
The spark wasp is engulfed in freezing vapours.
The spark wasp becomes distracted by the nearby gold, dreaming of imaginary riches.
The spark wasp is engulfed in freezing vapours.
You block the spark wasp's attack.
The great orb of eyes is engulfed in freezing vapours.
The great orb of eyes bites you!
* * * LOW HITPOINT WARNING * * *
The spark wasp is engulfed in freezing vapours.
The fire dragon is engulfed in freezing vapours.
You kill the fire dragon!
You begin to dig a shaft.
You continue digging a shaft.
The centaur becomes distracted by the nearby gold, dreaming of imaginary riches.
The spark wasp is engulfed in freezing vapours.
The spark wasp stings you.
You die...
Your body crumbles into a pile of gold.

....###...<..## {
...#..#...)).)# $
............).#
..............##{{
.......$.......+
....J....(.....+
##...y.§§§....##
#...J.§yyT...# { $
#.....§§@§§..#
#.!.§§§GTT§§.#
#...§§§§§§§§§§§.
....§§§..§§§§§§.
.....G...§§§§§§.
§§§○§§.........
§§§§§§.c.......
§§§§§§.........


You could see 3 iron trolls, 2 great orbs of eyes, 3 spark wasps, 2 slime
creatures and a centaur (unaware).

Vanquished Creatures
  Xtahua (Vaults:4)
  Jorgrun (Shoals:2)
  Rupert (Lair:4)
  3 deep elf blademasters (Elf:3)
  2 deep elf master archers (Elf:3)
  A quicksilver dragon (Vaults:4)
  An ancient champion (Vaults:3)
  A sphinx (Vaults:2)
  Roxanne (Elf:1)
  11 nagarajas
  A fire giant (Vaults:4)
  2 frost giants
  Donald (Elf:3)
  8 deep elf sorcerers
  An orc warlord (Elf:3)
  8 deep elf elementalists (Elf:3)
  8 vault wardens
  A war gargoyle (Vaults:3)
  10 ironheart preservers
  7 stone giants
  9 deep elf annihilators (Elf:3)
  A minotaur (Gauntlet)
  A spark wasp (Depths:1)
  An entropy weaver (Vaults:1)
  5 deep elf demonologists
  6 deep elf death magi
  3 ettins (Vaults:3)
  4 merfolk javelineers
  A crystal guardian (Vaults:4)
  2 fire dragons
  6 merfolk impalers
  Harold (D:10)
  Josephine (D:10)
  Erolcha (Orc:2)
  11 yaktaur captains
  2 deep elf high priests (Elf:3)
  14 naga warriors
  4 vault guards
  6 hydras
  3 boulder beetles
  18 anacondas
  3 ice dragons
  A death knight (Vaults:1)
  8 ogre magi
  3 merfolk aquamancers
  5 centaur warriors
  3 merfolk avatars
  19 two-headed ogres
  An alligator (shapeshifter) (D:14)
  3 satyrs
  The ghost of kthxbai the Destroyer, a journeyman DECj of Sif Muna (Lair:1)
  A deep troll shaman (Depths:1)
  3 death yaks (Lair:6)
  5 naga sharpshooters
  An orc high priest (Elf:3)
  10 shock serpents
  A hell knight (Volcano)
  24 deep elf knights
  Nergalle (Lair:3)
  2 salamander mystics (Snake:4)
  A sun demon (Volcano)
  A fire crab (Shoals:1)
  2 fire crabs (shapeshifter)
  7 skeletal warriors
  A death drake (Gauntlet)
  3 shadow wraiths
  15 sea snakes
  4 deep trolls
  10 deep elf archers
  A sea snake (shapeshifter) (D:11)
  A glowing orange brain (Depths:1)
  2 unseen horrors (D:10)
  10 ironbrand convokers
  A kraken simulacrum (Shoals:4)
  2 flayed ghosts
  3 wizards
  2 lindwurms (Lair:6)
  10 naga ritualists
  7 necromancers
  63 deep elf magi
  2 wolf spiders
  A wolf spider zombie (D:14)
  A tengu zombie (Vaults:2)
  23 harpies
  15 cyclopes
  13 orc sorcerers
  2 orb spiders (shapeshifter)
  13 salamanders
  15 mana vipers
  35 ugly things
  18 manticores
  15 orc knights
  A stone giant zombie (Vaults:2)
  A frost giant zombie (D:15)
  20 fauns
  13 guardian serpents
  A stone giant skeleton (D:15)
  16 merfolk sirens
  Maurice (Orc:2)
  A guardian serpent (shapeshifter) (Vaults:4)
  2 ice statues (IceCv)
  10 vault sentinels
  A water nymph (shapeshifter) (Elf:2)
  19 elephants
  37 black mambas
  5 water nymphs
  19 naga magi
  A storm dragon simulacrum (Vaults:3)
  2 molten gargoyles (Volcano)
  15 cane toads
  A cane toad (shapeshifter) (Vaults:3)
  2 yaktaur zombies
  53 yaktaurs
  A torpor snail (Lair:6)
  3 kobold demonologists
  An eye of devastation (shapeshifter) (Gauntlet)
  A rime drake (shapeshifter) (Vaults:3)
  4 centaur skeletons
  An efreet (D:14)
  12 komodo dragons
  7 rime drakes
  3 freezing wraiths
  A yaktaur skeleton (Vaults:2)
  4 trolls
  A merfolk (shapeshifter) (Vaults:4)
  A meliai (D:13)
  3 tengu conjurers
  39 merfolk
  A hornet (shapeshifter) (Vaults:3)
  5 polar bears
  15 blink frogs
  10 wind drakes
  A hornet (Lair:1)
  A deep troll zombie (D:15)
  A tyrant leech (shapeshifter) (Vaults:3)
  16 slime creatures
  15 dream sheep
  8 snapping turtles
  A fire giant simulacrum (Vaults:2)
  A boulder beetle zombie (Vaults:2)
  7 shadows
  6 redbacks
  4 water elementals
  3 air elementals
  A vampire (D:11)
  3 spriggans (Lair:1)
  A tarantella (D:15)
  4 fire bats
  2 yaks (shapeshifter)
  5 wraiths
  40 yaks
  2 fire elementals
  4 basilisks
  5 wyverns
  21 humans
  A redback simulacrum (D:15)
  45 nagas
  4 vampire mosquitoes (D:10)
  6 wargs
  A soldier ant (D:11)
  A swamp worm (shapeshifter) (Vaults:2)
  5 acid dragons
  18 water moccasins
  3 hell hounds (Volcano)
  A water moccasin (shapeshifter) (Vaults:4)
  A necrophage (D:9)
  8 sky beasts
  43 orc warriors
  A hornet zombie (Gauntlet)
  An ettin simulacrum (Vaults:1)
  30 ice beasts
  An ogre (shapeshifter) (Vaults:4)
  2 black bears
  3 phantoms
  6 boggarts
  25 ogres
  25 wolves
  10 centaurs
  19 bullfrogs
  A big kobold (Sewer)
  3 earth elementals (Elf:1)
  A bullfrog (shapeshifter) (Gauntlet)
  A gnoll sergeant (D:9)
  A wyvern zombie (D:13)
  A glowing shapeshifter simulacrum (Vaults:3)
  4 scorpions
  A water moccasin skeleton (D:9)
  15 killer bees
  An elf simulacrum (Vaults:2)
  7 wights
  An electric eel (Lair:4)
  A howler monkey (D:12)
  5 lava snakes (Volcano)
  3 centaur zombies
  A human zombie (D:3)
  3 jellies
  9 hounds
  21 orc priests
  2 bullfrog skeletons
  An iguana (D:9)
  2 human skeletons
  49 orc wizards
  9 worker ants
  A worker ant zombie (D:11)
  A howler monkey zombie (D:6)
  5 gnolls (D:9)
  7 adders
  2 river rats (Sewer)
  3 white imps
  2 ufetubi (D:7)
  An adder skeleton (D:9)
  2 worms
  A dart slug (D:3)
  5 leopard geckos
  121 orcs
  5 bats
  6 giant cockroaches
  9 goblins
  10 hobgoblins
  20 jackals
  3 quokkas
  2 frilled lizards
  A goblin zombie (D:3)
  A jackal skeleton (D:8)
  11 kobolds
  2 leopard gecko zombies (D:5)
  7 rats
1681 creatures vanquished.

Vanquished Creatures (others)
  A merfolk impaler (Shoals:4)
  23 dancing weapons
  A salamander mystic (Snake:4)
  A sea snake (Shoals:4)
  A deep elf archer (Elf:1)
  A naga ritualist (Snake:1)
  A merfolk siren (Shoals:4)
  A naga mage (Snake:2)
  A warg (Vaults:2)
  A human (D:2)
  10 fungi
  70 plants
  3 tentacles (Shoals:4)
115 creatures vanquished.

Grand Total: 1796 creatures vanquished

Notes
Turn   | Place    | Note
-------+----------+-------------------------------------------
     0 | D:1      | Arum the Formicid Fighter began the quest for the Orb.
     0 | D:1      | Reached XP level 1. HP: 18/18 MP: 1/1
   266 | D:1      | Reached XP level 2. HP: 20/24 MP: 2/2
   703 | D:1      | Reached XP level 3. HP: 29/29 MP: 3/3
  1282 | D:2      | Found an ancient bone altar of Kikubaaqudgha.
  1285 | D:2      | Noticed a human
  1288 | D:2      | Killed a human
  1559 | D:2      | Reached XP level 4. HP: 37/37 MP: 4/4
  1610 | D:2      | Found an opulent altar of Gozag.
  2021 | D:3      | Noticed a phantom
  2077 | D:3      | Killed a phantom
  2078 | D:3      | Reached skill level 4 in Fighting
  2078 | D:3      | Reached XP level 5. HP: 28/42 MP: 5/5
  2241 | D:3      | Found a glowing drain.
  2245 | Sewer    | Entered a sewer
  2379 | Sewer    | Noticed a big kobold
  2393 | Sewer    | Killed a big kobold
  2394 | Sewer    | Reached skill level 5 in Shields
  2394 | Sewer    | Reached XP level 6. HP: 49/49 MP: 6/6
  2427 | Sewer    | Found a white marble altar of Elyvilon.
  2547 | D:2      | Became a worshipper of Gozag Ym Sagoz the Greedy
  2623 | D:3      | You fall into a shaft and drop 1 floor!
  3550 | D:3      | Noticed a human
  3551 | D:3      | Found a runed translucent door.
  3575 | D:3      | Reached XP level 7. HP: 47/55 MP: 7/7
  3595 | D:3      | Reached skill level 5 in Fighting
  3601 | D:3      | Found a basalt altar of Yredelemnul.
  3622 | D:3      | Killed a human
  3623 | D:3      | Reached skill level 5 in Armour
  3929 | D:5      | Entered Level 5 of the Dungeon
  4140 | D:5      | Found a burning altar of Makhleb.
  4156 | D:5      | Found a blossoming altar of Fedhas.
  4680 | D:6      | Reached XP level 8. HP: 54/64 MP: 8/8
  4778 | D:6      | Reached skill level 6 in Fighting
  4819 | D:6      | Reached skill level 5 in Staves
  5047 | D:6      | Noticed a shadow
  5071 | D:6      | Killed a shadow
  5072 | D:6      | Reached skill level 7 in Fighting
  5072 | D:6      | Reached XP level 9. HP: 54/72 MP: 9/9
  5290 | D:7      | Found a staircase to the Ecumenical Temple.
  5669 | D:7      | Found a runed translucent gate.
  5669 | D:7      | Found a runed translucent gate.
  5671 | D:7      | Found a runed translucent gate.
  5672 | D:7      | Noticed Borgoz's ghost (novice GrBe)
  6450 | D:8      | Reached skill level 8 in Fighting
  6511 | D:8      | Noticed a two-headed ogre
  6523 | D:8      | Killed a two-headed ogre
  6524 | D:8      | Reached skill level 9 in Fighting
  6524 | D:8      | Reached XP level 10. HP: 77/83 MP: 10/10
  7510 | D:9      | Reached skill level 10 in Fighting
  7692 | D:9      | Found a basalt altar of Yredelemnul.
  7695 | D:9      | Found a snail-covered altar of Cheibriados.
  7698 | D:9      | Found a hazy altar of Hepliaklqana.
  8041 | D:9      | Reached XP level 11. HP: 69/92 MP: 11/11
  8402 | D:10     | Entered Level 10 of the Dungeon
  8467 | D:10     | Bought a fading plate armour for 896 gold pieces
  8469 | D:10     | Identified the +3 plate armour of Tiredaho {Dex+6 Stlth+}
                  | (You bought it in a shop on level 10 of the Dungeon)
  8491 | D:10     | Noticed an unseen horror
  8495 | D:10     | Noticed an unseen horror
  8517 | D:10     | Killed an unseen horror
  8523 | D:10     | Killed an unseen horror
  8524 | D:10     | Reached skill level 11 in Fighting
  8707 | D:10     | Found a staircase to the Lair.
  8867 | D:10     | Reached skill level 10 in Staves
  8922 | D:10     | Noticed Harold
  8949 | D:10     | Killed Harold
  9022 | D:10     | Noticed Josephine
  9055 | D:10     | Killed Josephine
  9584 | D:11     | Reached XP level 12. HP: 102/102 MP: 12/12
  9673 | D:11     | Noticed a two-headed ogre
  9699 | D:11     | Killed a two-headed ogre
  9700 | D:11     | Reached skill level 12 in Fighting
  9861 | D:11     | Found a portal to a secret trove of treasure.
  9892 | D:11     | Found Kunol's Book Boutique.
 10111 | D:11     | Noticed a frost giant
 10117 | D:11     | Found a runed translucent door.
 10238 | D:11     | Reached skill level 10 in Armour
 10531 | D:11     | Noticed a sea snake
 10714 | D:12     | Found a staircase to the Orcish Mines.
 11333 | D:12     | Found a snail-covered altar of Cheibriados.
 11784 | D:13     | Noticed a centaur warrior
 11784 | D:13     | Noticed a fire crab
 11807 | D:12     | Killed a fire crab
 12128 | D:13     | Noticed an eight-headed hydra
 12173 | D:13     | Found Coamuw's General Store.
 12227 | D:13     | Noticed a boulder beetle
 12239 | D:12     | Killed a centaur warrior
 12240 | D:12     | Reached skill level 13 in Fighting
 12366 | D:12     | Killed a boulder beetle
 12367 | D:12     | Reached XP level 13. HP: 31/111 MP: 13/13
 12971 | D:13     | Noticed a vault guard
 13013 | D:13     | Killed a vault guard
 13208 | D:10     | Bought a pair of polished boots for 304 gold pieces
 13210 | D:10     | Identified the +0 pair of boots of the Albatross {rF+ rN+
                  | SInv} (You bought it in a shop on level 10 of the Dungeon)
 13619 | D:13     | an eight-headed hydra changed into a meliai
 13665 | D:13     | Found a gate to the Vaults.
 13728 | D:13     | Reached skill level 1 in Evocations
 13788 | D:14     | Reached skill level 14 in Fighting
 13828 | D:14     | Noticed a centaur warrior
 13848 | D:14     | Killed a centaur warrior
 13859 | D:14     | Found a gate leading to a gauntlet.
 13868 | Gauntlet | Found the +2 hat of the Bear Spirit {Spirit, +Rage rN+
                  | Will++}
 13868 | Gauntlet | Entered a Gauntlet
 13868 | Gauntlet | Found a transporter.
 13868 | Gauntlet | Found a transporter.
 13929 | Gauntlet | Found a transporter.
 13929 | Gauntlet | Found a transporter.
 13939 | Gauntlet | Found a transporter.
 13939 | Gauntlet | Noticed a cacodemon
 13949 | Gauntlet | Found a transporter.
 13949 | Gauntlet | Found a transporter.
 13973 | Gauntlet | Found a transporter.
 13973 | Gauntlet | Noticed a hell beast
 13980 | Gauntlet | Found a transporter.
 14010 | Gauntlet | Found a transporter.
 14022 | Gauntlet | Found a transporter.
 14055 | Gauntlet | Found a transporter.
 14069 | Gauntlet | Found a transporter.
 14082 | Gauntlet | Found a transporter.
 14170 | Gauntlet | Found a transporter.
 14186 | Gauntlet | Found a transporter.
 14704 | Gauntlet | Identified Qyorargh's Volume of Orientation
 14817 | Gauntlet | Noticed a minotaur
 14835 | Gauntlet | Killed a minotaur
 14853 | Gauntlet | Got a spiked chain mail
 14982 | D:14     | Identified the +7 chain mail of Compression {rElec rPois
                  | rC-} (You found it in a Gauntlet)
 15070 | D:14     | Found Wiygrics's Armour Shop.
 15075 | D:14     | Bought the +5 kite shield of the Hart {+Blink rN+} for 667
                  | gold pieces
 15377 | D:14     | Noticed a boulder beetle
 15417 | D:14     | Killed a boulder beetle
 15418 | D:14     | Reached XP level 14. HP: 50/120 MP: 14/14
 16243 | D:14     | Found a glowing golden altar of the Shining One.
 16399 | D:15     | Entered Level 15 of the Dungeon
 16514 | D:15     | Reached skill level 5 in Evocations
 16678 | D:15     | Found a frozen archway.
 16698 | IceCv    | Entered an ice cave
 16950 | IceCv    | Found the ring of the Tortoise {AC+8}
 17367 | D:15     | Reached skill level 15 in Fighting
 17424 | D:15     | Bought a vibrating marble ring for 155 gold pieces
 17424 | D:15     | Bought a heavily runed chain mail for 294 gold pieces
 17425 | D:15     | Identified the ring of Xaynket {rF+ rC++ MP+9 Dex-2 Stlth+}
                  | (You bought it in a shop on level 15 of the Dungeon)
 17426 | D:15     | Identified the +9 chain mail "Pirasas" {rElec Will+ rCorr}
                  | (You bought it in a shop on level 15 of the Dungeon)
 17448 | D:15     | Found a staircase to the Depths.
 18119 | D:15     | Reached XP level 15. HP: 129/129 MP: 15/15
 18709 | D:11     | Killed a frost giant
 18851 | Orc:1    | Entered Level 1 of the Orcish Mines
 19068 | Orc:1    | Found a roughly hewn altar of Beogh.
 19356 | Orc:2    | Entered Level 2 of the Orcish Mines
 19456 | Orc:2    | Reached skill level 1 in Dodging
 19638 | Orc:2    | Noticed Maurice
 19641 | Orc:2    | Killed Maurice
 20010 | Orc:2    | Found a staircase to the Elven Halls.
 20153 | Orc:2    | Found Koung's Antique Weapon Emporium.
 20209 | Orc:2    | Bought an ichor-stained quarterstaff for 234 gold pieces
 20222 | Orc:2    | Found a radiant altar of Vehumet.
 20232 | Orc:2    | Noticed Erolcha
 20240 | Orc:2    | Killed Erolcha
 20553 | Orc:2    | Found a roughly hewn altar of Beogh.
 20553 | Orc:2    | Found Istorgh's Book Emporium.
 20584 | Orc:2    | Found Ryesin's Gadget Shoppe.
 20591 | Orc:2    | Found Xextotuam's Distillery.
 20593 | Orc:2    | Bought a condenser vane for 440 gold pieces
 20602 | Orc:2    | Bought a potion of curing for 45 gold pieces
 20602 | Orc:2    | Bought a potion of curing for 45 gold pieces
 20620 | Orc:2    | Found an ancient bone altar of Kikubaaqudgha.
 20825 | Lair:1   | Entered Level 1 of the Lair of Beasts
 21108 | Lair:1   | Found a runed translucent door.
 21110 | Lair:1   | Noticed kthxbai's ghost (journeyman DECj)
 21111 | Lair:1   | Identified the +4 trident of Excruciating Pain {vorpal,
                  | rElec rF+ Str+2}
 21154 | Lair:1   | Killed kthxbai's ghost
 21761 | Lair:2   | Reached skill level 16 in Fighting
 21851 | Lair:2   | Found a staircase to the Snake Pit.
 22488 | Lair:3   | Reached XP level 16. HP: 138/138 MP: 16/16
 22541 | Lair:3   | Identified the +2 quarterstaff "Ubitayg" {venom, Will+
                  | Str+3 Int+4} (You bought it in a shop on level 2 of the
                  | Orcish Mines)
 22716 | Lair:3   | Noticed Nergalle
 22723 | Lair:3   | Killed Nergalle
 22983 | Lair:3   | Found a staircase to the Shoals.
 23358 | Lair:4   | You fall into a shaft and drop 1 floor!
 24507 | Lair:4   | Noticed Rupert
 24524 | Lair:4   | Killed Rupert
 24525 | Lair:4   | Reached skill level 15 in Armour
 24525 | Lair:4   | Reached skill level 5 in Dodging
 24806 | Lair:4   | Reached skill level 10 in Evocations
 25158 | Lair:6   | Entered Level 6 of the Lair of Beasts
 25246 | Lair:6   | Found a viscous altar of Jiyva.
 25246 | Lair:6   | Found a staircase to the Slime Pits.
 25389 | Lair:6   | Found a dark tunnel.
 25395 | Volcano  | Entered a volcano
 25581 | Volcano  | Found a burning altar of Makhleb.
 26300 | Lair:6   | Reached skill level 17 in Fighting
 26327 | Lair:6   | Reached XP level 17. HP: 109/147 MP: 17/17
 26833 | Lair:6   | Identified a scroll of acquirement
 26833 | Lair:6   | Acquired 883 gold pieces
 26912 | Snake:1  | Entered Level 1 of the Snake Pit
 27183 | Snake:1  | Found Mafai's Jewellery Boutique.
 28025 | Snake:2  | Found an ornate altar of the Wu Jian Council.
 29903 | Snake:3  | Identified the +7 rapier of Popular Demand {distort,
                  | +Blink}
 29905 | Snake:3  | Noticed a hellephant
 29906 | Snake:3  | Noticed Sokuv's ghost (adept DECj)
 29932 | Snake:3  | Found a transporter.
 29944 | Snake:3  | Found a transporter.
 29973 | Snake:3  | Reached skill level 18 in Fighting
 30266 | Snake:3  | Reached XP level 18. HP: 148/157 MP: 18/18
 30467 | Snake:3  | Found a one-way gate to the infinite horrors of the Abyss.
 30679 | Snake:3  | Found Dioluy's Antique Weapon Shop.
 30691 | Snake:3  | Bought a brightly glowing quarterstaff for 297 gold pieces
 30692 | Snake:3  | Identified the +2 quarterstaff of Afen {protect, +Fly rF-
                  | Will+ Dex+4} (You bought it in a shop on level 3 of the
                  | Snake Pit)
 31618 | Snake:4  | Entered Level 4 of the Snake Pit
 32168 | Snake:4  | Found Toudef's Antique Weapon Shoppe.
 32618 | Snake:4  | Reached skill level 10 in Dodging
 33600 | Snake:4  | Reached skill level 19 in Fighting
 33642 | Snake:4  | Reached XP level 19. HP: 144/166 MP: 19/19
 34791 | Snake:4  | Got a serpentine rune of Zot
 34952 | Lair:3   | Acquired a manual of Staves
 34977 | Shoals:1 | Entered Level 1 of the Shoals
 35939 | Shoals:1 | Reached skill level 15 in Evocations
 36882 | Shoals:2 | Reached skill level 10 in Shields
 36914 | Shoals:2 | Reached skill level 15 in Staves
 37562 | Shoals:2 | Noticed Jorgrun
 37568 | Shoals:2 | Killed Jorgrun
 37854 | Shoals:2 | Reached XP level 20. HP: 44/176 MP: 20/20
 38712 | Shoals:3 | Found Kiagymin's Jewellery Boutique.
 40213 | Shoals:4 | Entered Level 4 of the Shoals
 40268 | Shoals:4 | Got a barnacled rune of Zot
 40936 | Shoals:4 | Reached skill level 20 in Fighting
 42662 | Shoals:4 | Got a shimmering iron ring
 42822 | Shoals:4 | Identified the ring of Zareis Qio {+Fly EV+4 Str+5} (You
                  | found it on level 4 of the Shoals)
 43108 | Vaults:1 | Entered Level 1 of the Vaults
 44244 | Vaults:1 | Reached XP level 21. HP: 166/184 MP: 21/21
 46516 | Vaults:2 | Found Tymasch's Jewellery Shoppe.
 48170 | Vaults:3 | Reached XP level 22. HP: 192/192 MP: 22/22
 48226 | Vaults:3 | Reached skill level 21 in Fighting
 48907 | Vaults:3 | Found a staircase to the Crypt.
 50463 | Vaults:4 | Noticed Xtahua
 50493 | Vaults:4 | Killed Xtahua
 50960 | Vaults:4 | Bought a pitted crystal plate armour for 2975 gold pieces
 50960 | Vaults:4 | Identified the +9 crystal plate armour of Fodoin {Str+4
                  | Int+4} (You bought it in a shop on level 4 of the Vaults)
 51139 | Elf:1    | Entered Level 1 of the Elven Halls
 51364 | Elf:1    | Reached skill level 15 in Shields
 51613 | Elf:1    | Identified Roxanne's Volume of Clay
 51613 | Elf:1    | Noticed Roxanne
 51633 | Elf:1    | Killed Roxanne
 51703 | Elf:1    | Reached XP level 23. HP: 189/201 MP: 23/23
 53165 | Elf:2    | Found a runed translucent gate.
 53166 | Elf:2    | Found a runed translucent gate.
 53169 | Elf:2    | Found a runed translucent gate.
 54152 | Elf:3    | Entered Level 3 of the Elven Halls
 54160 | Elf:3    | Found Lotwigoki's Book Shoppe.
 54370 | Elf:3    | Found a roughly hewn altar of Beogh.
 55104 | Elf:3    | Reached skill level 22 in Fighting
 55341 | Elf:3    | Identified the cursed +0 robe of the King of the Hill
                  | {Dex+2}
 55341 | Elf:3    | Identified the amulet of the Raven {Faith +Inv rF+ rN++
                  | Dex-3}
 56050 | Elf:3    | Identified the ring of Music {Str+2 Int+6 Dex-5 Slay+2
                  | Stlth+}
 56240 | Elf:3    | Identified the +1 plate armour of Cocytus {Harm Will+
                  | Str+2}
 56569 | Elf:3    | Noticed Donald
 56599 | Elf:3    | Killed Donald
 56600 | Elf:3    | Reached XP level 24. HP: 177/211 MP: 23/23
 56617 | Elf:3    | Identified the +10 chain mail of Dogma {+Blink Int+7 Dex-3
                  | SInv}
 56915 | Elf:3    | Identified the Grimoire of the Mountains
 56949 | Elf:3    | Identified the Catalogue of the Mutagenic Birds
 56987 | Elf:3    | Found the +2 shield of Resistance {rF++ rC++ Will++}
 56987 | Elf:3    | Found the +8 autumn katana {vorpal, Clar}
 57041 | Elf:3    | Identified Ticwim's Compendium of the Earthen Glacier
 57585 | Depths:1 | Entered Level 1 of the Depths
 57628 | Depths:1 | HP: 9/212 [iron troll (14)]
 57629 | Depths:1 | HP: 2/212 [great orb of eyes (7)]
 57630 | Depths:1 | Slain by a spark wasp

Illustrated notes

Levels and vault maps discovered:
D:1:      kilobyte_arrival_exit_the_forest, layout_basic, glass_columns_a,
          skrybe_limestone_x
D:2:      layout_basic, general_overflow_altar, tgw_kikubaaqudgha
D:3:      layout_basic, gup_sewer_entry_bowl, dk_yredelemnul_ordeal
D:4:      layout_basic, minivault_19
D:5:      layout_basic, grunt_temple_overflow_open
D:6:      layout_rooms, corner_web_ring
D:7:      layout_loops_corners, minmay_temple_entry_waves,
          gammafunk_ghost_necromancy, corexii_hall_statues_l
D:8:      layout_basic
D:9:      layout_roguey, grunt_temple_overflow_diamond, feat_on_display
D:10:     layout_roguey, erik_lair_orcish_takeover, minmay_rotating_lava,
          uniq_josephine, uniq_harold
D:11:     layout_loops_ring, serial_shops, shop, enter_trove_0, minmay_st_funbox
D:12:     layout_stronghold, hiddenorc2_lemuel, basic_altar
D:13:     layout_cave_pools, grunt_vaults_entry_tiered, serial_shops, shop
D:14:     layout_basic, serial_shops, shop, tso_altar, gauntlet_entry_generic
D:15:     gammafunk_depths_entry_grave, layout_basic,
          portal_ice_cave_entry_ice_beasts, small_chamber_with_monster
Lair:1:   layout_regular_city, ebering_ghost_funeral_grove, minivault_25,
          lemuel_fruit_tree, grunt_megastairs_4
Lair:2:   layout_misc_corridors, dummy_snake_entry
Lair:3:   layout_gridlike, minmay_shoals_entry_lonely_mermaid,
          beast_lair_carwin_2, uniq_nergalle
Lair:4:   wander_river, layout_long_grid, nicolae_quartered_pool_little,
          lemuel_fruit_fields, uniq_rupert
Lair:5:   layout_layer_cave, chequers_serial_rivers_micro_e
Lair:6:   hangedman_lair_in_review, layout_hall_layers, slime_altar_1,
          enter_volcano_4
Shoals:1: layout_shoals, ldierk_geyser, hangedman_shoal_volcano
Shoals:2: layout_shoals, hangedman_shoals_cup_caves, uniq_jorgrun
Shoals:3: layout_shoals, nicolae_shoals_c_island
Shoals:4: shoals_end_grunt_ice, layout_shoals
Snake:1:  layout_onion_interference, serial_shops, shop, grunt_ministairs_1,
          grunt_megastairs_3
Snake:2:  layout_layer_cave, basic_altar, drop_trap, st_stairs_12,
          grunt_ministairs_1, guppyfry_library_mini
Snake:3:  layout_gridlike, gammafunk_ghost_abyssal_escape, serial_shops,
          nicolae_shop_crystal
Snake:4:  grunt_snake_rune_serpentine_throne, layout_onion_interference,
          serial_shops, nicolae_shop_window_shopping
Orc:1:    layout_caves, mines2_david
Orc:2:    kennysheep_orc_mage_school, layout_caves, uniq_maurice
Elf:1:    layout_loops_cross, hangedman_elven_crosses_minicolossus,
          minivault_27, lemuel_flamethrower_3, uniq_roxanne
Elf:2:    layout_onion_city, st_stairs_12
Elf:3:    nooodl_elf_gasket, layout_gridlike, serial_shops, shop, special_room
          [special_room_orc], serial_sigils_hangedman_gnaw, uniq_donald
Vaults:1: vaults_standard_mumra_enter_the_diamond, hangedman_vaults_trim,
          dpeg_vaults_monster_row, grunt_vaults_funnel, vaults_room_semicircle,
          ontoclasm_vaults_eye, dpeg_vaults_monster_box,
          vaults_mumra_chevron_long, vaults_dpeg_hooks, grunt_vaults_diagonal,
          nicolae_vaults_little_squares_5, layout_vaults_omnigrid
Vaults:2: nicolae_vaults_rhombus_6, vaults_mumra_chevron,
          vaults_standard_mumra_lines, grunt_vaults_swirl, v_misc_29,
          ontoclasm_vaults_shout, nicolae_vaults_ring_of_whatevers,
          vaults_mumra_lcd, v_misc_12, nicolae_vaults_big_ls, v_rooms_1,
          vaults_room_pools, layout_vaults_ring, serial_shops,
          nicolae_shop_trees
Vaults:3: v_misc_30, nicolae_vaults_theta, v_misc_2, ontoclasm_vaults_bender,
          vaults_mumra_hexcomb, vaults_dpeg_encased_lava,
          minmay_crypt_entry_simple_box, v_misc_17, v_misc_19,
          nicolae_vaults_quadrants, ontoclasm_vaults_idyll,
          hangedman_vaults_pinch, hangedman_vaults_hat,
          ontoclasm_vaults_ring_small, vaults_dpeg_ring, layout_vaults_omnicross
Vaults:4: nicolae_vaults_murderbox, hangedman_vaults_restitches,
          nicolae_vaults_mini_display_case, vaults_room_door_ring,
          v_alt_pattern_4, grunt_vaults_hallway_long, serial_ice_m, v_misc_2,
          nicolae_vaults_little_squares_6, grunt_vaults_hallway_long,
          v_pattern_5, vaults_room_fours, ontoclasm_vaults_loading_screen,
          v_alt_pattern_6, layout_vaults_maze_snakey, uniq_xtahua
Depths:1: layout_cave_pools, gammafunk_ghost_grave, kennysheep_nondescript,
          hangedman_coc_ice_floe, serial_rivers, chequers_serial_rivers_marsh,
          chequers_serial_rivers_small_a, chequers_serial_rivers_micro_b,
          chequers_serial_rivers_micro_a, chequers_serial_rivers_small_3,
          hangedman_corner_corridor, uniq_bai_suzhen, uniq_asterion

Skill      XL: |  1  2  3  4  5  6  7  8  9 10 11 12 13 14 15 16 17 18 19 20 21 22 23 24 |
---------------+-------------------------------------------------------------------------+-----
Shields        | 4 5 6 7 9 10 12 13 15 16 | 16.7
Fighting       | 4 5 7 9 10 11 13 14 15 16 17 18 19 20 21 22 | 22.3
Staves         | 3 4 5 7 9 10 11 12 13 14 15 17 18 19 | 19.8
Armour         | 4 5 7 9 11 12 13 14 15 | 15.1
Evocations     | 3 6 9 11 12 14 15 16 17 18 19 | 19.1
Dodging        | 3 6 9 10 11 | 11.0

Action                   |  1- 3 |  4- 6 |  7- 9 | 10-12 | 13-15 | 16-18 | 19-21 | 22-24 || total
-------------------------+-------+-------+-------+-------+-------+-------+-------+-------++-------
Melee: Quarterstaff      |   121 |   175 |   287 |  1182 |  1270 |    52 |       |       ||  3087
       Lajatang          |       |       |       |       |   466 |  1443 |  1624 |  1135 ||  4668
Invok: Potion Petition   |       |       |       |     1 |     2 |       |     4 |     2 ||     9
       Call Merchant     |       |       |       |     1 |     2 |       |       |     1 ||     4
 Abil: Dig               |     1 |     3 |       |     6 |    14 |    10 |    11 |     4 ||    49
       Shaft Self        |       |       |       |       |       |       |       |     1 ||     1
Evoke: Wand              |       |       |    17 |    21 |    13 |     8 |    33 |       ||    92
       Condenser vane    |       |       |       |       |       |     1 |     4 |     3 ||     8
       Phial of floods   |       |       |       |       |       |       |       |     1 ||     1
       Lightning rod     |       |       |       |       |       |       |       |     3 ||     3
  Use: Potion            |       |     4 |     2 |     3 |     5 |     3 |     4 |     2 ||    23
       Scroll            |       |       |       |     3 |    30 |    12 |     6 |     4 ||    55
 Stab: Distracted        |       |       |       |     4 |     9 |     4 |    11 |     6 ||    34
       Paralysed         |       |       |       |       |       |     4 |       |       ||     4
Armor: Scale mail        |    57 |    54 |    95 |    70 |       |       |       |       ||   276
       Plate armour      |       |       |       |   295 |   213 |       |       |       ||   508
       Skin              |       |       |       |       |    18 |       |       |       ||    18
       Chain mail        |       |       |       |       |   254 |   380 |   426 |   202 ||  1262
Dodge: Dodged            |    41 |    37 |    67 |   237 |   186 |   314 |   460 |   204 ||  1546
Block: Kite shield       |    67 |    96 |   143 |   526 |   810 |  1162 |  1464 |   835 ||  5103
       Reflection        |       |       |       |       |       |    59 |   170 |    85 ||   314
